 Dungeon Crawl Stone Soup version 0.27-a0-1273-gec92ba881d (webtiles) character file.

Game seed: 7809083358231799832

3000 lunkers the Zephyrmancer (level 9, -2/48 HPs)
             Began as a Deep Elf Air Elementalist on June 10, 2021.
             Was an Initiate of Vehumet.
             Slain by a killer bee (3 damage)
             ... on level 8 of the Dungeon on June 11, 2021.
             The game lasted 00:15:38 (10015 turns).

lunkers the Zephyrmancer (DEAE)                    Turns: 10015, Time: 00:15:39

Health: -2/48      AC:  6    Str:  5    XL:     9   Next: 54%
Magic:  4/24       EV: 12    Int: 24    God:    Vehumet [......]
Gold:   293        SH:  0    Dex: 15    Spells: 12/27 levels left

rFire    . . .     SeeInvis +   a - staff of air
rCold    . . .     Faith    .   (no shield)
rNeg     . . .     Spirit   .   k - +0 robe
rPois    .         Reflect  .   (no helmet)
rElec    +         Harm     .   (no cloak)
rCorr    .         Rampage  .   (no gloves)
Will     .....                  (no boots)
Stlth    ++........             (no amulet)
HPRegen  0.16/turn              w - +4 ring of protection
MPRegen  0.19/turn              p - ring of see invisible

@: lethally poisoned (-2 -> -3)
A: no striking features
a: Renounce Religion


You were on level 8 of the Dungeon.
You worshipped Vehumet.
Vehumet was noncommittal.
You visited 2 branches of the dungeon, and saw 9 of its levels.

You collected 293 gold pieces.

Inventory:

Hand Weapons
 j - a +1 dagger of speed
Missiles
 t - 3 boomerangs of dispersal
Armour
 k - a +0 robe (worn)
Magical Staves
 a - a staff of air (weapon)
Jewellery
 g - a ring of resist corrosion
 p - a ring of see invisible (right hand)
 w - a +4 ring of protection (left hand)
 C - an amulet of guardian spirit
 D - an amulet of faith
Wands
 y - a wand of mindburst (15)
Scrolls
 d - a scroll of vulnerability {unknown}
 e - a scroll of brand weapon {unknown}
 i - a scroll of holy word {unknown}
 l - 6 scrolls of noise {unknown}
 m - a scroll of summoning {unknown}
 n - 2 scrolls of identify {unknown}
 q - a scroll of acquirement {unknown}
 r - 2 scrolls of amnesia {unknown}
 s - 3 scrolls of teleportation {unknown}
 x - a scroll of magic mapping {unknown}
 A - a scroll of enchant weapon {unknown}
 B - a scroll of fear {unknown}
 E - a scroll of immolation {unknown}
Potions
 b - a potion of heal wounds {unknown}
 c - a potion of flight {unknown}
 f - 2 potions of curing {unknown}
 h - 3 potions of attraction {unknown}
 o - a potion of ambrosia {unknown}
 u - 3 potions of brilliance {unknown}
 v - 2 potions of mutation {unknown}
 z - a potion of lignification {unknown}
 F - a potion of might {unknown}


   Skills:
 + Level 2.2 Fighting
 - Level 2.4 Dodging
 - Level 2.4 Stealth
 + Level 9.9 Spellcasting
 * Level 4.7 Conjurations
 + Level 10.3 Air Magic


You had 12 spell levels left.
You knew the following spells:

 Your Spells              Type           Power      Damage    Failure   Level
a - Airstrike             Air            37%        N/A       1%          4
b - Static Discharge      Conj/Air       64%        N/A       1%          2
c - Swiftness             Air            75%        N/A       1%          3
d - Shock                 Conj/Air       100%       1d9       1%          1
e - Lightning Bolt        Conj/Air       32%        1d49      7%          5

Your spell library contained the following spells:

 Spells                   Type           Power      Damage    Failure   Level
 Magic Dart               Conj           100%       1d8       1%          1
 Searing Ray              Conj           68%        3d5       1%          2
 Corona                   Hex            12%        N/A       5%          1
 Dazzling Flash           Conj/Hex       46%        N/A       6%          3
 Ensorcelled Hibernation  Hex/Ice        22%        N/A       9%          2
 Confusing Touch          Hex            11%        N/A       16%         3
 Tukima's Dance           Hex            11%        N/A       16%         3
 Fulminant Prism          Conj/Hex       11%        3d9       21%         4
 Iskenderun's Mystic Bla  Conj/Tloc      23%        2d6       21%         4


Dungeon Overview and Level Annotations

Branches:
Dungeon (8/15)             Temple (1/1) D:6
   Lair: D:8-11

Altars:
Cheibriados
Dithmenos
Elyvilon
Fedhas
Gozag
Hepliaklqana
Kikubaaqudgha
Makhleb
Nemelex Xobeh
Okawaru
Qazlal
Sif Muna
Trog
Uskayaw
Vehumet
Yredelemnul
Zin

Shops:
D:2 ?


Message History

The killer bee is almost dead.
* * * LOW MAGIC WARNING * * *
A killer bee comes into view.
Casting: Airstrike (dangerous; 1% risk of failure)
Confirm with . or Enter, or press ? or * to list all spells.
Aiming: Airstrike (dangerous; 1% risk of failure)
Press: ? - help, Dir - move target, f/p - killer bee
Aim: a killer bee (almost dead)
You feel a surge of power!
The air twists around and strikes the killer bee!
You kill the killer bee!
Vehumet accepts your kill.
The killer bee buzzes angrily.
* * * LOW MAGIC WARNING * * *
A killer bee comes into view.
The killer bee buzzes angrily.
You hear an angry buzzing noise.
A killer bee comes into view.
The orc warrior hits you from afar with a +0 halberd!
The killer bee moves out of view.
Unknown command.
The killer bee closely misses you. The killer bee stings you!
You are poisoned.
The killer bee poisons you!
You feel sick. The killer bee stings you.
* * * LOW HITPOINT WARNING * * *
The killer bee stings you.
* * * LOW HITPOINT WARNING * * *
You feel sick. The killer bee stings you!
* * * LOW HITPOINT WARNING * * *
You feel sick. The killer bee stings you.
* * * LOW HITPOINT WARNING * * *
The killer bee stings you!
* * * LOW HITPOINT WARNING * * *
There is a stone staircase leading up, spattered with blood here.
Unknown command.
Okay, then.
* * * LOW HITPOINT WARNING * * *
You feel sick. The killer bee stings you.
You die... #########.# ##..y@....# ).. #...y###### y.# #...## #yo

##..# ..
#yo# #.
##.# #.##
#..#
#..####y.#
##..y...>##


You could see 3 killer bees.

Vanquished Creatures
  A centaur zombie (D:7)
  A steam dragon (D:6)
  Menkaure (D:4)
  An acid dragon (D:6)
  A water moccasin (D:6)
  An orc warrior (D:5)
  A sky beast (D:5)
  A black bear (D:5)
  An ice beast (D:7)
  An ogre (D:6)
  A centaur (D:7)
  A phantom (D:5)
  3 bullfrogs
  2 scorpions
  5 killer bees
  A bullfrog zombie (D:6)
  2 bullfrog skeletons
  4 orc priests
  A centaur skeleton (D:7)
  5 hounds
  A jelly (D:5)
  3 gnoll shamans
  2 iguanas
  6 orc wizards
  8 adders
  14 gnolls
  A shadow imp (D:5)
  2 white imps (D:7)
  An adder skeleton (D:4)
  2 dart slugs
  29 orcs
  3 bats (D:2)
  7 endoplasms
  4 giant cockroaches
  9 goblins
  9 hobgoblins
  16 jackals
  7 kobolds
  A quokka (D:1)
  10 ball pythons
  3 frilled lizards
  5 rats
  2 rat zombies (D:3)
180 creatures vanquished.

Vanquished Creatures (others)
  A plant (D:1)
1 creature vanquished.

Grand Total: 181 creatures vanquished

Notes
Turn   | Place    | Note
-------+----------+-------------------------------------------
     0 | D:1      | lunkers the Deep Elf Air Elementalist began the quest for
                  | the Orb.
     0 | D:1      | Reached XP level 1. HP: 10/10 MP: 6/6
   248 | D:1      | Reached XP level 2. HP: 15/15 MP: 5/8
   837 | D:1      | Noticed a great orb of eyes
   840 | D:1      | Found a faded altar of an unknown god.
   842 | D:1      | Noticed a golden eye
   842 | D:1      | Noticed a great orb of eyes
   842 | D:1      | Noticed an eye of devastation
  1125 | D:1      | Learned a level 2 spell: Static Discharge
  1162 | D:2      | Reached XP level 3. HP: 19/19 MP: 6/10
  1305 | D:2      | Reached skill level 4 in Air Magic
  1762 | D:2      | Reached XP level 4. HP: 15/24 MP: 4/12
  1916 | D:2      | Learned a level 3 spell: Swiftness
  1921 | D:2      | Learned a level 4 spell: Airstrike
  2001 | D:2      | Found Udalleang's Magic Scroll Emporium.
  2682 | D:3      | Found an opulent altar of Gozag.
  2698 | D:3      | Reached skill level 5 in Air Magic
  2755 | D:3      | Reached XP level 5. HP: 28/28 MP: 9/14
  2807 | D:3      | Reached skill level 5 in Spellcasting
  3095 | D:3      | Found an ancient bone altar of Kikubaaqudgha.
  3175 | D:3      | You fall into a shaft and drop 1 floor!
  3318 | D:4      | Noticed Menkaure
  3438 | D:4      | Found a stormy altar of Qazlal.
  3542 | D:4      | Reached XP level 6. HP: 19/32 MP: 11/16
  4024 | D:4      | Killed Menkaure
  4025 | D:4      | Reached skill level 6 in Air Magic
  4429 | D:4      | Reached XP level 7. HP: 32/36 MP: 10/18
  4431 | D:4      | Reached skill level 7 in Air Magic
  4573 | D:5      | Entered Level 5 of the Dungeon
  5323 | D:5      | Reached skill level 8 in Air Magic
  5420 | D:5      | Reached XP level 8. HP: 19/41 MP: 9/21
  6144 | D:5      | Reached skill level 9 in Air Magic
  6541 | D:5      | Found an iron altar of Okawaru.
  7044 | D:6      | Upgraded the game from 0.27-a0-1256-gced786f65e to
                  | 0.27-a0-1273-gec92ba881d
  7044 | D:6      | Found a snail-covered altar of Cheibriados.
  7272 | D:6      | Learned a level 5 spell: Lightning Bolt
  7331 | D:6      | Found a staircase to the Ecumenical Temple.
  7343 | Temple   | Entered the Ecumenical Temple
  7678 | Temple   | Became a worshipper of Vehumet
  7904 | D:6      | Reached skill level 10 in Air Magic
  7904 | D:6      | Reached XP level 9. HP: 46/46 MP: 15/24
  8603 | D:7      | Identified the +4 hand axe of Action {venom, Stlth+}
  8673 | D:7      | Reached skill level 1 in Fighting
  9449 | D:7      | Found a basalt altar of Yredelemnul.
  9545 | D:7      | Found a shadowy altar of Dithmenos.
 10014 | D:8      | HP: 2/48 [killer bee (8)]
 10015 | D:8      | Slain by a killer bee

Illustrated notes

Levels and vault maps discovered:
D:1:      eino_arrival_water_cross, layout_loops_ring,
          hellmonk_ecumenical_altar_watching_god,
          chequers_serial_rivers_large_a, minmay_distorted
D:2:      layout_loops_cross, serial_shops, shop_statue, minmay_statues_item
D:3:      layout_rooms, lemuel_doored_altar, lemuel_zombie_altar_kikubaaqudgha
D:4:      layout_basic, grunt_qazlal_sundering, chequers_serial_rivers_small_a,
          uniq_menkaure
D:5:      layout_loops_ring, okawaru_altar_gauntlet_db,
          kennysheep_opposing_triangles
D:6:      layout_basic, kennysheep_mini, minmay_temple_entry_proselytizer,
          kennysheep_crisscross
D:7:      layout_loops_ring, grunt_dithmenos_smoke_and_mirrors,
          yredelemnul_altar_generic
D:8:      layout_layer_cave, old_standard_altar, grunt_temple_overflow_open,
          serial_shops, shop
Temple:   dpeg_chambers_temple

Skill      XL: |  1  2  3  4  5  6  7  8  9 |
---------------+----------------------------+-----
Air Magic      | 4 5 6 8 10 | 10.3
Spellcasting   | 4 5 6 7 9 |  9.9
Conjurations   | 2 4 |  4.7
Fighting       | 2 |  2.2
Dodging        | |  2.4
Stealth        | |  2.4

Action                   |  1- 3 |  4- 6 |  7- 9 || total
-------------------------+-------+-------+-------++-------
Melee: Unarmed           |     8 |       |       ||     8
       Staff             |       |     2 |    11 ||    13
 Cast: Shock             |    80 |    65 |    41 ||   186
       Static Discharge  |     3 |    20 |     3 ||    26
       Airstrike         |       |     5 |   108 ||   113
Armor: Robe              |     2 |     4 |    11 ||    17
Dodge: Dodged            |    13 |    23 |    23 ||    59

Table legend: (Time is in decaauts)
 A = Elapsed time spent in this place.
 B = Non-inter-level travel time spent in this place.
 C = Inter-level travel time spent in this place.
 D = Time resting spent in this place.
 E = Time spent auto-exploring this place.
 F = Levels seen in this place.
 G = Mean time per level.
                   A        B        C        D        E       F      G
               +--------+--------+--------+--------+--------+-----+--------+
         Total |  10037 |   9874 |    163 |   1218 |   7723 |   9 | 1115.2 |
       Dungeon |   9677 |   9576 |    101 |   1218 |   7430 |   8 | 1209.6 |
        Temple |    359 |    297 |     62 |      0 |    293 |   1 |  359.0 |
               +--------+--------+--------+--------+--------+-----+--------+

Top non-repeatable levels by time:
     D:5: 2158 daAuts
     D:6: 1620 daAuts
     D:2: 1374 daAuts
     D:7: 1268 daAuts
     D:4: 1217 daAuts
     D:1: 1198 daAuts
     D:3: 801 daAuts
  Temple: 359 daAuts
     D:8: 38 daAuts
